 Dungeon Crawl Stone Soup version 0.23-a0-650-ga4d50d4d25 (webtiles) character file.

1847 Napalmbreeze the Covered (level 8, -4/74 HPs)
             Began as a Deep Dwarf Fighter on Jan 4, 2019.
             Was an Initiate of Makhleb.
             Slain by an ice devil (20 damage)
             ... summoned by a kobold demonologist
             ... in a bailey.
             The game lasted 00:12:49 (5419 turns).

Napalmbreeze the Covered (Deep Dwarf Fighter)       Turns: 5419, Time: 00:12:50

Health: -4/74      AC: 13    Str: 22    XL:     8   Next: 88%
Magic:  6/6        EV: 11    Int:  9    God:    Makhleb [......]
Gold:   382        SH: 10    Dex: 12    Spells: 7/7 levels left

rFire    + . .     SeeInvis .   t - +1 trident (vamp)
rCold    . . .     Gourm    .   c - +0 shield
rNeg     . . .     Faith    .   B - +3 ring mail {rF+}
rPois    .         Spirit   .   (no helmet)
rElec    .         Reflect  .   d - +0 cloak (curse)
rCorr    .         Harm     .   (no gloves)
MR       +....                  (no boots)
Stlth    ++........             (no amulet)
HPRegen  0.00/turn              u - +3 ring of protection
MPRegen  0.10/turn              z - ring of stealth

@: non-regenerating
A: damage resistance, heal wounds, sense surroundings 1, no regeneration
a: Heal Wounds, Renounce Religion


You were in a bailey.
You worshipped Makhleb.
Makhleb was noncommittal.
You were not hungry.

You visited 2 branches of the dungeon, and saw 8 of its levels.
You also visited: Bailey.

You collected 382 gold pieces.

Inventory:

Hand Weapons
 a - a +1 war axe
 t - a +1 vampiric trident (weapon)
 y - the +7 mace of the Original Sin {crush, Int+5 Dex+3 Stlth-}
   (You found it on level 4 of the Dungeon)

   It inflicts extra damage upon your enemies.
   It affects your intelligence (+5).
   It affects your dexterity (+3).
   It makes you less stealthy.
Armour
 b - a +0 scale mail
 c - a +0 shield (worn)
 d - a cursed +0 cloak (worn)
 B - a +3 ring mail of fire resistance (worn)
Jewellery
 q - an uncursed ring of fire
 u - a +3 ring of protection (left hand)
 z - a ring of stealth (right hand)
Wands
 o - a wand of random effects (9)
 C - a wand of acid (12)
Scrolls
 e - 4 scrolls of remove curse
 g - a scroll of noise
 i - a scroll of fear
 n - 2 scrolls of enchant armour
 p - 2 scrolls of magic mapping
 r - 2 scrolls of amnesia {unknown}
 s - 3 scrolls of teleportation {unknown}
 w - 2 scrolls of blinking {unknown}
 x - 2 scrolls of enchant weapon
 D - a scroll of identify
Potions
 h - 3 potions of brilliance {unknown}
 j - a potion of agility {unknown}
 k - 3 potions of resistance
 l - a potion of cancellation {unknown}
 m - a potion of mutation {unknown}
 v - 2 potions of lignification {unknown}
 A - a potion of haste {unknown}
Comestibles
 f - 14 rations
 E - 7 chunks of flesh


   Skills:
 + Level 5.1 Fighting
 - Level 3.3(5.3) Axes
 * Level 5.4(5.7) Polearms
 + Level 6.1 Armour
 + Level 4.9 Dodging
 + Level 6.1 Shields


You had 7 spell levels left.
You didn't know any spells.
Your spell library contained the following spells:

 Spells                   Type           Power        Failure   Level  Hunger
 Confusing Touch          Hex            #.....       89%         1    ##.....
 Confuse                  Hex            #.......     99%         3    ####...
 Gell's Gravitas          Tloc           #.........   99%         3    ####...
 Petrify                  Tmut/Erth      #.......     100%        4    #####..
 Metabolic Englaciation   Hex/Ice        #.........   100%        5    ######.
 Yara's Violent Unravell  Hex/Tmut       #.........   100%        5    ######.


Dungeon Overview and Level Annotations

Branches:
Dungeon (7/15)             Temple (1/1) D:7

Altars:
Cheibriados
Fedhas
Hepliaklqana
Makhleb
Nemelex Xobeh
Okawaru
Qazlal
Ru
Trog
Uskayaw
Vehumet
Wu Jian
Xom
Yredelemnul
Zin
The Shining One

Shops:
D:6 [


Innate Abilities, Weirdness & Mutations

You are resistant to damage.
You can heal yourself by infusing magical energy.
You passively map a small area around you.
You do not regenerate.


Message History

Unknown command.
You closely miss the kobold demonologist.
The kobold demonologist is severely wounded.
You block the ice devil's attack. x2; The orc misses you.
The kobold demonologist closely misses you.
The orc warrior hits you but does no damage.
Unknown command.
You hit the kobold demonologist.
The kobold demonologist is severely wounded.
The ice devil misses you. The ice devil hits you! The ice devil freezes you!
* * * LOW HITPOINT WARNING * * *
You block the orc's attack.
The kobold demonologist looks encouraged for a moment.
The orc warrior hits you with a +0 war axe!
* * * LOW HITPOINT WARNING * * *
You hit the kobold demonologist but do no damage.
The kobold demonologist is severely wounded.
The ice devil hits you but does no damage.
The ice devil hits you. The ice devil freezes you!!
You die...

, , , #≈≈≈≈≈# , #+#######,
#≈≈≈≈≈# ,* #.o.....#,
#≈≈≈≈≈# , , +.8.8.8.#,
#≈≈≈≈≈# *
#.......######≈≈≈≈≈# , ,
#....#......#.≈≈≈≈≈≈# * #..
#...5..#.≈≈≈≈≈.##### , #
#####5'#.≈≈≈≈≈...... * ,* ,
#o@Ko.#.≈≈≈≈≈......
#...g*#4o4.))............
#K_K. #.5⌠.)'..........∩. *#
#...g*#....)'............
..#o... #.....#.≈≈≈≈≈......
,
*..#....#####''#.≈≈≈≈≈......
*%%#....#......#.≈≈≈≈≈.#####
*, #....#......#.≈≈≈≈≈≈# + *
#.......######≈≈≈≈≈#


You could see 2 ice devils, a kobold demonologist, an orc warrior, a crimson
imp, a shadow imp and 2 orcs.

Vanquished Creatures
  Joseph (D:7)
  Eustachio (D:4)
  A water moccasin (D:6)
  Duvessa (D:4)
  An orc warrior (Bailey)
  2 centaurs
  A bullfrog (D:6)
  A gnoll sergeant (D:5)
  Dowan (D:4)
  An electric eel (Bailey)
  A crimson imp (D:5)
  A centaur zombie (D:6)
  A hound (D:5)
  Crazy Yiuf (D:4)
  3 orc priests (D:4)
  2 orc wizards
  A bullfrog skeleton (D:4)
  5 worker ants
  4 gnolls
  9 adders
  4 worms
  5 dart slugs
  4 leopard geckos
  23 orcs
  6 giant cockroaches
  8 goblins
  9 hobgoblins
  5 jackals
  15 kobolds
  5 quokkas
  10 bats
  A frilled lizard (D:2)
  4 rats
138 creatures vanquished.

Notes
Turn   | Place    | Note
-------+----------+-------------------------------------------
     0 | D:1      | Napalmbreeze the Deep Dwarf Fighter began the quest for the
                  | Orb.
     0 | D:1      | Reached XP level 1. HP: 20/20 MP: 1/1
   181 | D:1      | Reached XP level 2. HP: 16/27 MP: 2/2
   720 | D:2      | Reached XP level 3. HP: 19/33 MP: 3/3
   878 | D:2      | Reached skill level 1 in Dodging
  1155 | D:2      | Reached XP level 4. HP: 14/42 MP: 4/4
  1541 | D:3      | Reached skill level 1 in Polearms
  1541 | D:3      | Reached XP level 5. HP: 49/49 MP: 4/4
  1760 | D:3      | Found a sacrificial altar of Ru.
  2273 | D:4      | Noticed Duvessa
  2275 | D:4      | Noticed Dowan
  2439 | D:4      | Reached XP level 6. HP: 51/56 MP: 4/4
  2596 | D:4      | Noticed Eustachio
  2743 | D:4      | Killed Eustachio
  2828 | D:4      | Killed Dowan
  2828 | D:4      | Reached XP level 7. HP: 15/63 MP: 5/5
  3148 | D:4      | Killed Duvessa
  3271 | D:4      | Found a runed door.
  3275 | D:4      | Noticed Crazy Yiuf
  3284 | D:4      | Killed Crazy Yiuf
  3284 | D:4      | Reached skill level 5 in Armour
  3295 | D:4      | Got a dazzling mace
  3363 | D:4      | Identified the +7 mace of the Original Sin {crush, Int+5
                  | Dex+3 Stlth-} (You found it on level 4 of the Dungeon)
  3391 | D:5      | Entered Level 5 of the Dungeon
  3514 | D:5      | Found a glowing silver altar of Zin.
  3558 | D:5      | Reached skill level 5 in Shields
  4036 | D:5      | Reached XP level 8. HP: 73/73 MP: 6/6
  4390 | D:6      | Found a bloodstained altar of Trog.
  4499 | D:6      | Found Linatish's Antique Armour Shoppe.
  4620 | D:6      | Found an iron altar of Okawaru.
  4821 | D:6      | Found a glowing golden altar of the Shining One.
  5071 | D:7      | Found a staircase to the Ecumenical Temple.
  5080 | Temple   | Entered the Ecumenical Temple
  5087 | Temple   | Became a worshipper of Makhleb the Destroyer
  5115 | D:7      | Noticed Joseph
  5117 | D:7      | Found a flagged portal.
  5229 | D:7      | Killed Joseph
  5229 | D:7      | Reached skill level 5 in Fighting
  5229 | D:7      | Reached skill level 5 in Polearms
  5262 | Bailey   | Entered a bailey
  5337 | Bailey   | Found an iron altar of Okawaru.
  5337 | Bailey   | Noticed a kobold demonologist
  5337 | Bailey   | Noticed a kobold demonologist
  5410 | Bailey   | Noticed an ice devil
  5413 | Bailey   | Noticed an ice devil
  5419 | Bailey   | Slain by an ice devil

Vault maps used:
D:1:      mushboom_english_gardens
D:2:      cheibrodos_old_hovel, minmay_ruptured
D:3:      nicolae_ru_the_path_less_chosen
D:4:      first_ration, uniq_eustachio, uniq_crazy_yiuf_cottage, uniq_duvessa
D:5:      basic_altar
D:6:      lemuel_upstairs_altar, lemuel_crystal_altar,
          nicolae_tso_carved_into_rock, okawaru_metal_pillars_1_2, serial_shops,
          shop_statue
D:7:      grunt_temple_overflow_gold_and_silver, evilmike_ruin_ashenzari,
          kennysheep_vampire_church, lemuel_blue_sif_altar,
          minmay_temple_entry_stoned_glass, enter_bailey_2, uniq_joseph,
          uniq_menkaure
Temple:   nicolae_temple_no_exploring_needed
Bailey:   bailey_axe_of_yendor_kennysheep, bailey

Skill      XL: |  1  2  3  4  5  6  7  8 |
---------------+-------------------------+-----
Fighting       | 3 4 5 |  5.1
Axes           | 3 |  3.3
Dodging        | 1 2 3 4 |  4.9
Armour         | 4 5 6 |  6.1
Polearms       | 1 2 4 5 |  5.4
Shields        | 4 5 6 |  6.1

Action                   |  1- 3 |  4- 6 |  7- 9 || total
-------------------------+-------+-------+-------++-------
Melee: War axe           |   125 |    16 |       ||   141
       Trident           |       |   253 |   317 ||   570
       Unarmed           |       |       |     3 ||     3
 Abil: Heal Wounds       |       |     3 |     4 ||     7
  Use: Scroll            |     3 |       |     6 ||     9
       Potion            |       |       |     1 ||     1
  Eat: Chunk             |     1 |     3 |     4 ||     8
       Ration            |       |     2 |     2 ||     4
Armor: Scale mail        |    56 |   128 |    63 ||   247
       Ring mail         |       |       |    18 ||    18
Dodge: Dodged            |    36 |   100 |   110 ||   246
Block: Shield            |    73 |   184 |   137 ||   394

Table legend:
 A = Non-vault XP
 B = Vault XP
 C = Vault XP percentage of total XP
 D = Non-vault monster count
 E = Vault monster count
 F = Vault count percentage of total count
                 A         B        C        D         E       F
            +---------+---------+-------+---------+---------+-------
      Total |    1448 |    1191 |  45.1 |     120 |      18 |  13.0
            +---------+---------+-------+---------+---------+-------
        D:1 |      33 |       0 |   0.0 |      15 |       0 |   0.0
        D:2 |      47 |      19 |  28.8 |      23 |       4 |  14.8
        D:3 |     179 |       0 |   0.0 |      29 |       0 |   0.0
        D:4 |     318 |     457 |  59.0 |      26 |       4 |  13.3
        D:5 |     409 |       0 |   0.0 |      12 |       0 |   0.0
        D:6 |     462 |       0 |   0.0 |      15 |       0 |   0.0
        D:7 |       0 |     498 | 100.0 |       0 |       1 | 100.0
     Bailey |       0 |     217 | 100.0 |       0 |       9 | 100.0
            +---------+---------+-------+---------+---------+-------
